 Dungeon Crawl Stone Soup version 0.30.1-3-gfc49f6343a (webtiles) character file.

Game seed: 17536941664861287002

11490 croobank the Nimble (level 11, -7/51 HPs)
             Began as a Felid Delver on July 22, 2023.
             Was an Initiate of Gozag.
             Engulfed by their own flame (15 damage)
             ... on level 1 of the Lair of Beasts.
             The game lasted 01:05:12 (13959 turns).

croobank the Nimble (Felid Delver)                 Turns: 13959, Time: 01:05:13

Health: -7/51      AC:  6    Str:  8    XL:     11   Next: 50%
Magic:  20/23      EV: 25    Int: 15    God:    Gozag
Gold:   1790       SH:  0    Dex: 19    Spells: 8/25 levels left
                                        Lives:  0   Deaths: 3

rFire   . .          .
                       - Unarmed
rCold   . . .        (shield unavailable)
rNeg    . . .        (body armour unavailable)
rPois   +            (helmet unavailable)
rElec   .            (cloak unavailable)
rCorr   .            (gloves unavailable)
SInv    +            (boots unavailable)
Will    +....        i - amulet of regeneration
Stlth   ++++         q - +4 ring of protection
HPRegen 1.08/turn    m - ring of poison resistance
MPRegen 0.18/turn

%: no passive effects
@: quick
A: very small, claws 1, fangs 3, see invisible, speed 1, shaggy fur 2, stealthy
paws, no weapons or thrown items, no armour, multi-lived
a: Renounce Religion, Potion Petition, Call Merchant, Bribe Branch


You were on level 1 of the Lair of Beasts.
You worshipped Gozag.
Gozag was most pleased with you.
You visited 3 branches of the dungeon, and saw 15 of its levels.

You collected 2411 gold pieces.
You spent 530 gold pieces at shops.
You paid 91 gold pieces to Gozag.

Inventory:

Jewellery
 i - an amulet of regeneration (around neck)
 m - a ring of poison resistance (right paw)
 q - a +4 ring of protection (left paw)
 s - an amulet of magic regeneration
 x - a ring of flight
 y - an amulet of the acrobat
 A - a ring of ice
 B - a ring of ice
 F - an amulet of reflection
Wands
 e - a wand of digging (3)
 o - a wand of paralysis (1)
 u - a wand of flame (3)
 v - a wand of iceblast (8)
 D - a wand of acid (3)
 H - a wand of polymorph (5)
Scrolls
 a - 2 scrolls of fog
 b - 4 scrolls of magic mapping
 g - a scroll of fear
 h - 5 scrolls of amnesia
 k - a scroll of blinking
 t - 5 scrolls of teleportation
 z - a scroll of butterflies
 C - a scroll of vulnerability
 G - a scroll of silence
 J - 4 scrolls of identify
Potions
 c - 3 potions of heal wounds
 d - 2 potions of haste
 f - 6 potions of curing
 j - 3 potions of attraction
 l - 6 potions of lignification
 n - 2 potions of flight
 p - 4 potions of brilliance
 w - 3 potions of might
 I - 3 potions of cancellation
Miscellaneous
 E - a piece from Xom's chessboard (15/15)


   Skills:
 + Level 8.3 Fighting
 + Level 10.3 Dodging
 - Level 9.2 Stealth
 + Level 7.9 Unarmed Combat
 + Level 7.5 Spellcasting
 - Level 5.0 Conjurations
 - Level 5.0 Hexes
 * Level 7.2 Summonings
 - Level 9.3 Translocations
 + Level 2.9 Fire Magic


You had 8 spell levels left.
You knew the following spells:

 Your Spells              Type           Power      Damage    Failure   Level
a - Blink                 Tloc           66%        N/A       1%          2
b - Summon Guardian Gole  Hex/Summ       24%        N/A       3%          3
c - Iskenderun's Mystic   Conj/Tloc      27%        2d7       7%          4
d - Summon Cactus Giant   Summ           13%        N/A       69%         6
e - Scorch                Fire           28%        2d6       6%          2

Your spell library contained the following spells:

 Spells                   Type           Power      Damage    Failure   Level
 Lesser Beckoning         Tloc           66%        N/A       1%          2
 Momentum Strike          Conj/Tloc      54%        3d9       1%          2
 Manifold Assault         Tloc           33%        N/A       2%          4
 Volatile Blastmotes      Fire/Tloc      48%        2d14      3%          3
 Necrotise                Necr           20%        1d5       13%         1
 Cause Fear               Hex            10%        N/A       16%         4
 Fulminant Prism          Conj/Hex       10%        3d8       16%         4
 Flame Wave               Conj/Fire      17%        2d7       24%         4
 Vampiric Draining        Necr           5%         2d6       36%         3
 Anguish                  Hex/Necr       6%         N/A       41%         4
 Agony                    Necr           5%         N/A       98%         5
 Lee's Rapid Deconstruct  Erth           2%         3d5*      98%         5
 Enfeeble                 Hex            10%        N/A       100%        7
 Orb of Destruction       Conj           10%        9d6       100%        7
 Spellforged Servitor     Conj/Summ      11%        N/A       100%        7
 Storm Form               Tmut/Air       2%         N/A       100%        7


Dungeon Overview and Level Annotations

Branches:
Dungeon (12/15)            Temple (1/1) D:4            Lair (2/5) D:9
    Orc (0/2) D:11
  Swamp: Lair:2-3    Shoals: Lair:2-3     Snake: Lair:2-3    Spider: Lair:2-3

Altars:
Ashenzari
Gozag
Nemelex Xobeh
Qazlal
Vehumet
Wu Jian
Xom
Zin

Shops:
D:8 ?   D:10 :

Annotations:
D:6 2 transporters, superradish's ghost, novice OpBr


Innate Abilities, Weirdness & Mutations

You have sharp claws.
You have razor-sharp teeth.
You have supernaturally acute eyesight. (SInv)
You cover ground quickly. (Speed+)
You are covered in thick fur. (AC +2)
Your paws help you pounce on unaware monsters.
You are incapable of wielding weapons or throwing items.
You cannot wear armour.
You gain extra lives every three experience levels.


Message History

You feel sick.
Your guardian golem is engulfed in blazing flames.
The yak gores your guardian golem!
You feel sick.
Your guardian golem is engulfed in blazing flames.
The yak gores your guardian golem!
You feel sick.
Your guardian golem overheats!
The yak gores your guardian golem! Flame seeps out of your guardian golem.
You feel sick.
You are no longer poisoned.
Your guardian golem is engulfed in blazing flames.
Flame seeps out of your guardian golem. The yak gores your guardian golem.
Flame seeps out of your guardian golem.
Your guardian golem is engulfed in blazing flames.
Your guardian golem disappears in a puff of smoke!
Your guardian golem explodes!
The fiery explosion engulfs the yak!!
The fiery explosion engulfs the bush!!!
The bush is on fire!
The yak is engulfed in blazing flames.
The yak dies!
You start resting.
You're standing in a cloud of flame!
You're standing in a cloud of flame!
The bush is engulfed in blazing flames.
You start resting.
The bush is engulfed in blazing flames.
You start resting.
The bush is engulfed in blazing flames.
You start resting.
The bush is engulfed in blazing flames.
The bush is engulfed in blazing flames.
You are engulfed in blazing flames.
* * * LOW HITPOINT WARNING * * *
The bush is engulfed in blazing flames.
The bush is engulfed in blazing flames.
The bush is destroyed!
Unknown command.
You are engulfed in blazing flames.
* * * LOW HITPOINT WARNING * * *
You are engulfed in blazing flames.
You die...
Your body crumbles into a pile of gold.

#### ### ###
#####..####.####○#
#.##........$°☼°○#
...>.......####§@#
####..####.# ##.#
#####..# #.## #.#
#.# #.## #..# #.#
..###.# ##..#
##.##
#...#.###P..#
#...#
.#..........#
##.##
........###.####.#
.####............#


There were no monsters in sight!

Vanquished Creatures
  2 two-headed ogres
  Nergalle (D:11)
  A deep elf pyromancer (D:12)
  A cyclops (D:12)
  A manticore (D:11)
  Maurice (D:10)
  Joseph (D:7)
  Maggie (D:7)
  3 komodo dragons (Lair:1)
  2 trolls
  A hornet (D:8)
  3 yaks
  A vampire (D:11)
  2 shadows
  A wraith (D:11)
  A steam dragon (D:7)
  Menkaure (D:6)
  3 acid dragons
  A water moccasin (D:9)
  2 ice beasts
  A black bear (D:5)
  An ogre (D:6)
  6 centaurs
  A phantom (D:6)
  3 kobold brigands
  A gnoll sergeant (D:5)
  4 bullfrogs
  6 scorpions
  2 killer bees
  8 electric eels
  3 hounds
  2 jellies
  7 orc priests
  3 sleepcaps
  4 iguanas
  5 orc wizards
  4 adders
  4 gnolls
  A shadow imp (D:7)
  An ufetubus (D:6)
  A worm (D:5)
  7 dart slugs
  28 orcs
  5 ball pythons
  9 bats
  7 endoplasms
  3 giant cockroaches
  5 goblins
  7 hobgoblins
  5 jackals
  2 quokkas (D:1)
  3 frilled lizards (D:2)
  16 kobolds
  6 rats
201 creatures vanquished.

Vanquished Creatures (collateral kills)
  2 elephants (Lair:2)
2 creatures vanquished.

Vanquished Creatures (others)
  A death yak (Lair:1)
  A torpor snail (Lair:1)
  A black mamba (Lair:1)
  2 cane toads (Lair:1)
  A gargoyle (D:12)
  A polar bear (Lair:1)
  A hornet (D:9)
  A wraith (D:9)
  A water elemental (D:11)
  A vampire (D:10)
  19 yaks
  2 water moccasins
  6 orc warriors
  3 centaurs (D:12)
  8 killer bees
  A howler monkey (D:11)
  2 jellies (D:7)
  A gnoll bouda (D:9)
  An orc priest (D:9)
  4 orc wizards
  5 gnolls (D:9)
  6 orcs
  3 kobolds (D:10)
72 creatures vanquished.

Grand Total: 275 creatures vanquished

Notes
Turn   | Place    | Note
-------+----------+-------------------------------------------
     0 | D:5      | croobank the Felid Delver began the quest for the Orb.
     0 | D:5      | Reached XP level 1. HP: 10/10 MP: 2/2
    11 | D:6      | Noticed an iguana
    16 | D:6      | Killed an iguana
    17 | D:6      | Reached skill level 3 in Dodging
    17 | D:6      | Reached XP level 2. HP: 14/14 MP: 3/3
    47 | D:5      | Noticed a black bear
    57 | D:5      | Killed a black bear
    58 | D:5      | Reached XP level 3. HP: 13/17 MP: 4/4
    58 | D:5      | Reached XP level 4. HP: 16/21 MP: 5/5
   109 | D:5      | Reached XP level 5. HP: 25/25 MP: 6/6
   165 | D:3      | Found a glowing silver altar of Zin.
   809 | D:2      | Reached skill level 4 in Dodging
  1004 | D:2      | Found a faded altar of an unknown god.
  3158 | D:4      | Gained mutation: You are covered in thick fur. (AC +2)
                  | [Felid growth]
  3158 | D:4      | Reached XP level 6. HP: 19/28 MP: 7/7
  3683 | D:4      | Identified the +7 quarterstaff "Fuxeyn" {flame, rN+ Will++
                  | Int-2}
  3726 | D:4      | Learned a level 2 spell: Blink
  3846 | D:4      | Found a staircase to the Ecumenical Temple.
  3866 | Temple   | Entered the Ecumenical Temple
  3874 | Temple   | Became a worshipper of Gozag Ym Sagoz the Greedy
  4044 | D:5      | Slain by a gnoll sergeant
  4045 | D:5      | Reached XP level 5. HP: -1/25 MP: 6/6
  4065 | D:5      | Reached skill level 5 in Dodging
  4065 | D:5      | Reached skill level 1 in Translocations
  4065 | D:5      | Reached XP level 6. HP: 29/29 MP: 6/8
  4079 | D:5      | Reached skill level 1 in Spellcasting
  4407 | D:5      | Reached XP level 7. HP: 33/33 MP: 9/11
  5069 | D:6      | Found a transporter.
  5074 | D:6      | Learned a level 3 spell: Summon Guardian Golem
  5078 | D:6      | Found a transporter.
  5079 | D:6      | Noticed superradish's ghost (novice OpBr)
  5380 | D:6      | Noticed Menkaure
  5393 | D:6      | Killed Menkaure
  5394 | D:6      | Reached skill level 5 in Fighting
  5394 | D:6      | Reached skill level 1 in Hexes
  5394 | D:6      | Reached skill level 1 in Summonings
  5394 | D:6      | Reached XP level 8. HP: 37/37 MP: 13/13
  5474 | D:6      | Reached skill level 6 in Dodging
  6773 | D:7      | Noticed Joseph
  6777 | D:7      | Noticed Maggie
  6785 | D:7      | Shot with a sling bullet by Joseph
  6786 | D:7      | Reached XP level 7. HP: -6/33 MP: 14/14
  6791 | D:7      | Killed Joseph
  6792 | D:7      | Reached skill level 5 in Unarmed Combat
  6792 | D:7      | Reached XP level 8. HP: 37/37 MP: 15/15
  6904 | D:7      | Killed Maggie
  6988 | D:7      | Reached skill level 7 in Dodging
  7074 | D:7      | Reached skill level 5 in Spellcasting
  7890 | D:8      | Reached XP level 9. HP: 41/41 MP: 12/17
  7917 | D:8      | Found Ixkaagg's Magic Scroll Emporium.
  7922 | D:8      | Bought a scroll of identify for 28 gold pieces
  7922 | D:8      | Bought a scroll of identify for 28 gold pieces
  7922 | D:8      | Bought a scroll of butterflies for 56 gold pieces
  7922 | D:8      | Bought a scroll of identify for 28 gold pieces
  8315 | D:8      | Noticed a troll
  8319 | D:8      | Killed a troll
  8320 | D:8      | Reached skill level 5 in Hexes
  8320 | D:8      | Reached skill level 5 in Summonings
  8327 | D:8      | Learned a level 4 spell: Iskenderun's Mystic Blast
  8595 | D:9      | Reached skill level 1 in Conjurations
  8603 | D:9      | Reached skill level 5 in Translocations
  9322 | D:9      | Found a staircase to the Lair.
  9410 | D:9      | Reached skill level 8 in Dodging
  9410 | D:9      | Reached XP level 10. HP: 46/46 MP: 17/19
  9770 | D:10     | Entered Level 10 of the Dungeon
  9774 | D:10     | Noticed a two-headed ogre
  9781 | D:10     | Killed a two-headed ogre
  9867 | D:10     | Noticed Maurice
  9880 | D:10     | Killed Maurice
  9957 | D:10     | Found Kets's Book Shop.
  9960 | D:10     | Bought a book of Scorching for 390 gold pieces
  9967 | D:10     | Learned a level 6 spell: Summon Cactus Giant
  9970 | D:10     | Learned a level 2 spell: Scorch
 10761 | D:11     | Noticed a manticore
 10770 | D:11     | Killed a manticore
 10807 | D:11     | Found a staircase to the Orcish Mines.
 10977 | D:11     | Noticed Nergalle
 10984 | D:11     | Killed Nergalle
 11435 | D:11     | Reached skill level 9 in Dodging
 11435 | D:11     | Reached XP level 11. HP: 50/50 MP: 18/21
 11580 | D:11     | Noticed a two-headed ogre
 11587 | D:11     | Killed a two-headed ogre
 11957 | D:12     | Reached skill level 5 in Conjurations
 12228 | D:12     | Noticed a deep elf pyromancer
 12232 | D:12     | Killed a deep elf pyromancer
 12233 | D:12     | Reached skill level 1 in Fire Magic
 12234 | D:12     | Hit by a large rock thrown by a cyclops
 12235 | D:12     | Reached XP level 10. HP: -3/47 MP: 15/21
 12326 | Lair:1   | Entered Level 1 of the Lair of Beasts
 12708 | Lair:1   | Noticed a black mamba
 12714 | Lair:1   | Killed a black mamba
 12869 | Lair:1   | Noticed a cane toad
 12885 | Lair:1   | Killed a cane toad
 12886 | Lair:1   | Reached XP level 11. HP: 51/51 MP: 16/22
 13014 | Lair:1   | Noticed a death yak
 13021 | Lair:1   | Reached skill level 10 in Dodging
 13027 | Lair:1   | Killed a death yak
 13959 | Lair:1   | Engulfed by their own flame

Illustrated notes

Levels and vault maps discovered:
D:1:      dpeg_arrival_another_circle, layout_basic
D:2:      layout_basic, nicolae_ecumenical_pavilion, hangedman_decor_opposing,
          wander_ebering_terrifying_dragon_lair
D:3:      layout_basic, zin_academy
D:4:      layout_basic, minmay_temple_entry_nine_rooms, nicolae_grassy_gnolls
D:5:      layout_basic
D:6:      layout_loops_corners, gammafunk_ghost_hive, nicolae_benzene_ring,
          dk_noncrumbling_4, uniq_menkaure
D:7:      layout_basic, uniq_maggie, uniq_joseph
D:8:      layout_loops_ring, serial_shops, nicolae_shop_rolling_square
D:9:      layout_cave_pods, dpeg_oklobed_lair
D:10:     layout_roguey, serial_shops, nicolae_shop_real_fake_doors,
          wad_floor_pattern_untrapped, minmay_crystal_water, uniq_maurice
D:11:     layout_basic, minmay_orc_entry_temple_small, uniq_nergalle
D:12:     layout_stronghold, minmay_alternating_orb
Temple:   nicolae_temple_bog_church
Lair:1:   layout_loops_ring
Lair:2:   layout_regular_city, palyth_hydra_swamp_entry,
          gammafunk_ghost_cemetery, serial_bayou_shore_a

Skill      XL: |  1  2  3  4  5  6  7  8  9 10 11 |
---------------+----------------------------------+-----
Dodging        | 3 5 7 8 9 10 | 10.3
Stealth        | 7 8 9 |  9.2
Unarmed Combat | 3 4 5 6 7 |  7.9
Fighting       | 4 5 6 7 8 |  8.3
Translocations | 1 3 4 6 8 9 |  9.3
Spellcasting   | 2 3 5 7 |  7.5
Hexes          | 3 4 5 |  5.0
Summonings     | 1 4 5 6 7 |  7.2
Conjurations   | 2 4 5 |  5.0
Fire Magic     | 2 1 |  2.9

Action                     |  1- 3 |  4- 6 |  7- 9 | 10-12 || total
---------------------------+-------+-------+-------+-------++-------
  Melee: Unarmed           |     5 |   281 |   290 |   114 ||   690
         Bite              |     1 |    28 |    27 |    21 ||    77
         Punch             |       |     7 |    14 |     9 ||    30
   Cast: Summon Guardian G |       |       |    28 |    45 ||    73
         Scorch            |       |       |       |     2 ||     2
         Summon Cactus Gia |       |       |       |     1 ||     1
  Evoke: Wand              |       |     8 |    17 |    25 ||    50
    Use: Scroll            |       |     6 |    15 |     7 ||    28
         Potion            |       |       |     5 |     1 ||     6
   Stab: Sleeping          |     2 |    42 |    14 |    11 ||    69
         Paralysed         |       |       |     3 |     5 ||     8
         Invisible         |       |       |     1 |       ||     1
         Distracted        |       |       |       |     2 ||     2
 Armour: Skin              |       |    29 |    50 |    16 ||    95
  Dodge: Dodged            |     3 |   177 |   249 |   108 ||   537
